 Dungeon Crawl Stone Soup version 0.31.0-32-g396128a36d (webtiles) character file.

Game seed: 311053302043225657

17967 DildoBatman the Geomancer (level 12, -3/92 (93) HPs)
             Began as a Formicid Conjurer on Mar 12, 2024.
             Was an Initiate of Gozag.
             Slain by a redback (4 damage)
             ... on level 12 of the Dungeon on Mar 13, 2024.
             The game lasted 01:01:40 (15233 turns).

DildoBatman the Geomancer (Formicid Conjurer)      Turns: 15233, Time: 01:01:40

HP:   -3/92 (93)    AC:  8    Str: 18    XL:     12   Next: 89%
MP:   3/21          EV: 13    Int: 23    God:    Gozag
Gold: 560           SH:  5    Dex: 12    Spells: 11/23 levels left

rFire   . . .        a - +2 halberd (drain)
rCold   . . .        B - +0 buckler
rNeg    . . .        O - +0 steam dragon scales
rPois   .            (helmet unavailable)
rElec   .            (no cloak)
rCorr   +            f - +0 pair of gloves
SInv    +            (no boots)
Will    +....        (no amulet)
Stlth   ++           E - ring of resist corrosion
HPRegen 0.35/turn    U - +6 ring of strength
MPRegen 0.17/turn

%: clarity
@: lethally poisoned (-3 -> -26), lightly drained
A: permanent stasis, dig shafts and tunnels, antennae 3, four strong arms,
clarity, MP-powered wands
a: Dig, Shaft Self, Renounce Religion, Potion Petition, Call Merchant, Bribe
Branch


You were on level 12 of the Dungeon.
You worshipped Gozag.
Gozag was pleased with you.
You visited 2 branches of the dungeon, and saw 13 of its levels.
You also visited: Ossuary and Bailey.

You collected 1003 gold pieces.
You spent 204 gold pieces at shops.
You paid 239 gold pieces to Gozag.

Inventory:

Hand Weapons
 a - a +2 halberd of draining (weapon)
 c - a +0 shortbow
 d - a +2 halberd of electrocution
 J - a +1 shortbow of flaming
 L - a +2 trident of protection
Missiles
 e - 5 datura-tipped darts
 g - 36 poisoned darts
 I - 9 curare-tipped darts
Armour
 f - a +0 pair of gloves (worn)
 o - a +1 robe of fire resistance
 B - a +0 buckler (worn)
 D - a +2 robe
 O - +0 steam dragon scales (worn)
Magical Staves
 l - a staff of air
 w - a staff of conjuration
Jewellery
 s - a ring of fire
 E - a ring of resist corrosion (left hand)
 M - a ring of fire
 U - a +6 ring of strength (right hand)
Wands
 x - a wand of flame (10)
 A - a wand of quicksilver (19)
 P - a wand of mindburst (14)
 S - a wand of iceblast (11)
Scrolls
 h - 2 scrolls of poison {unknown}
 j - a scroll of fear {unknown}
 k - 3 scrolls of torment {unknown}
 m - 2 scrolls of blinking {unknown}
 n - 5 scrolls of immolation
 q - a scroll of brand weapon {unknown}
 u - 2 scrolls of teleportation {unknown}
 v - 2 scrolls of summoning {unknown}
 y - 3 scrolls of noise {unknown}
 z - 2 scrolls of identify
 C - a scroll of revelation
 G - a scroll of enchant weapon {unknown}
 K - a scroll of fog {unknown}
 N - a scroll of enchant armour {unknown}
Potions
 b - 3 potions of magic
 i - 7 potions of curing
 p - 2 potions of might
 r - a potion of berserk rage {unknown}
 t - 4 potions of enlightenment
 F - 3 potions of brilliance {unknown}
 H - 2 potions of resistance {unknown}
 Q - a potion of ambrosia {unknown}
 R - a potion of invisibility {unknown}
 T - a potion of cancellation {unknown}
 V - 4 potions of heal wounds
 W - a potion of mutation


   Skills:
 - Level 8.2 Fighting
 - Level 8.2 Armour
 - Level 6.2 Dodging
 - Level 4.0 Stealth
 - Level 3.8 Shields
 - Level 6.0 Spellcasting
 - Level 6.0 Conjurations
 * Level 9.9 Necromancy
 * Level 11.1 Earth Magic


You had 11 spell levels left.
You knew the following spells:

 Your Spells              Type           Power      Damage    Failure   Level
a - Borgnjor's Vile Clut  Necr/Erth      26%        N/A       4%          5
b - Dispel Undead         Necr           51%        3d19      1%          4
c - Searing Ray           Conj           68%        2d6       1%          2
f - Magic Dart            Conj           100%       1d8       1%          1

Your spell library contained the following spells:

 Spells                   Type           Power      Damage    Failure   Level
 Kiss of Death            Conj/Necr      100%       2d13      1%          1
 Necrotise                Necr           100%       1d9       1%          1
 Fugue of the Fallen      Necr           51%        N/A       1%          3
 Foxfire                  Conj/Fire      80%        2x1d8     3%          1
 Cigotuvi's Dreadful Rot  Necr/Alch/Air  44%        N/A       4%          2
 Curse of Agony           Necr           51%        N/A       4%          5
 Anguish                  Hex/Necr       14%        N/A       14%         4
 Jinxbite                 Hex            12%        N/A       16%         2
 Lesser Beckoning         Tloc           12%        N/A       16%         2
 Fulminant Prism          Conj/Alch      10%        3d9       30%         4
 Iskenderun's Mystic Bla  Conj/Tloc      20%        2d6       30%         4
 Gell's Gravitas          Tloc           6%         N/A       32%         3
 Teleport Other           Tloc           6%         N/A       32%         3
 Arcjolt                  Conj/Air       10%        1d20      65%         5
 Cause Fear               Hex            3%         N/A       71%         4
 Olgreb's Toxic Radiance  Alch           6%         N/A       71%         4
 Yara's Violent Unravell  Hex/Alch       3%         3d4       96%         5
 Enfeeble                 Hex            3%         N/A       100%        7
 Ozocubu's Refrigeration  Ice            3%         4d8       100%        7
 Discord                  Hex            3%         N/A       100%        8
 Maxwell's Capacitive Co  Air            3%         ∞         100%        8
 Vhi's Electric Charge    Tloc/Air       Unusable   N/A       N/A         4

Dungeon Overview and Level Annotations

Branches:
Dungeon (12/15)            Temple (1/1) D:7            Lair (0/5) D:11
Ossuary (visited)          Bailey (visited)
    Orc: D:9-12

Altars:
Ashenzari
Cheibriados
Dithmenos
Elyvilon
Fedhas
Gozag
Hepliaklqana
Kikubaaqudgha
Makhleb
Nemelex Xobeh
Okawaru
Qazlal
Ru
Sif Muna
Trog
Uskayaw
Vehumet
Wu Jian
Xom
Yredelemnul
Zin
The Shining One

Shops:
D:1 ?   D:7 :==   D:9 (

Annotations:
D:10 exclusion: catoblepas, Erolcha
D:12 1 exclusion


Innate Abilities, Weirdness & Mutations

You cannot be hasted, slowed, berserked, paralysed or teleported.
You can dig through walls and to a lower floor.
You have a pair of large antennae on your head. (SInv)
Your four strong arms can wield two-handed weapons with a shield.
You possess an exceptional clarity of mind.
You expend magic power (3 MP) to strengthen your wands.


Message History

The spectral unseen horror misses you.
The spectral unseen horror closely misses you. x2
The redback bites you.
The yak struggles to escape constriction. x2
The spectral unseen horror barely misses you.
The redback closely misses you.
Casting: Borgnjor's Vile Clutch (dangerous; 4% risk of failure)
Confirm with . or Enter, or press ? or * to list all spells.
Aiming: Borgnjor's Vile Clutch (dangerous; 4% risk of failure)
Press: ? - help, Shift-Dir - straight line, f - redback, p - yak
Aim: a redback (moderately wounded, 100% to hit)
Zombie hands grab the redback. x2
The zombie hands constrict the yak.
The zombie hands constrict the yak!
The zombie hands constrict the redback. x2
The spectral unseen horror completely misses you.
The spectral unseen horror hits you. The redback bites you.
You are lethally poisoned!
The redback poisons you!
The zombie hands lose their grip on something.
The yak escapes!
You block the spectral unseen horror's attack.
You barely miss the redback.
The redback is heavily wounded.
The zombie hands constrict the redback!
You kill the redback!
The zombie hands constrict the redback.
You feel extremely sick.
Kikubaaqudha cackles.
The spectral unseen horror hits you but does no damage.
The spectral unseen horror closely misses you.
You block the redback's attack. The spectral unseen horror hits you.
You feel drained. The redback bites you!
The spectral unseen horror hits you but does no damage.
The redback bites you.
You die...
Your body crumbles into a pile of gold.

#.# ####..# #.# ....
,.....# #.#
#..##.#..# #.#
...#..../#.###.#
#........#..##.#
####.....#.# #.#
.....##.YYY# #.#
##### ##{#s###.#
#.#Zs@Z.# #{####..#
#.# #..# #.# #..#
####.####..# ##
#.<........# .#
#.##.###...# .#
#.##.# #...#
.########.##.###...#


You could see a spectral unseen horror, 2 yaks, 2 redbacks and a redback zombie.

Vanquished Creatures
  3 two-headed ogres
  A skeletal warrior (D:10)
  An orc knight (Bailey)
  The ghost of raetorn the Gouger, a novice FeSh of Hepliaklqana (D:8)
  A cyclops (D:12)
  A manticore (D:11)
  2 ugly things (D:12)
  The ghost of Peloso the Slasher, a novice MiFi (D:5)
  An unseen horror (D:12)
  Maggie (D:8)
  2 gargoyles
  A kobold demonologist (D:8)
  A rime drake (D:11)
  6 trolls
  A polar bear (D:11)
  2 hornets (D:10)
  Grinder (D:3)
  Sigmund (D:3)
  A shadow (D:10)
  A fire bat (D:7)
  Grum (D:8)
  13 yaks
  5 redbacks (D:12)
  5 vampire mosquitoes (D:10)
  4 water moccasins
  An acid dragon (D:8)
  4 ice beasts
  A sky beast (D:7)
  A black bear (D:7)
  4 orc warriors
  2 ogres
  5 wolves
  7 centaurs
  7 kobold brigands (D:8)
  3 elf zombies (Ossuary)
  A bullfrog (D:7)
  A cyclops zombie (D:12)
  3 scorpions
  A burial acolyte (Ossuary)
  A troll zombie (D:11)
  4 killer bees (D:7)
  7 howler monkeys
  A centaur zombie (Ossuary)
  2 human zombies (Ossuary)
  3 jellies
  4 hounds
  4 bombardier beetles
  A spectral scorpion (Ossuary)
  6 orc priests
  2 sleepcaps
  Ijyb (D:2)
  Jessica (D:3)
  7 orc wizards
  6 iguanas
  A bullfrog simulacrum (Ossuary)
  3 hound zombies (Ossuary)
  4 mummies
  Robin (D:2)
  6 adders
  15 gnolls
  2 shadow imps
  A white imp (D:7)
  2 ufetubi (D:6)
  6 adder zombies (Ossuary)
  A ribbon worm (D:5)
  A dart slug (D:4)
  46 orcs
  8 ball pythons
  3 bats
  3 endoplasms
  2 giant cockroaches (D:1)
  13 goblins
  7 hobgoblins
  6 kobolds
  6 quokkas
  2 ball python zombies (Ossuary)
  2 frilled lizards (D:1)
  2 gnoll zombies (Ossuary)
  A goblin zombie (D:7)
  3 jackal zombies (Ossuary)
  6 kobold zombies
  3 orc zombies (Ossuary)
  5 rats
310 creatures vanquished.

Notes
Turn   | Place    | Note
-------+----------+-------------------------------------------
     0 | D:1      | DildoBatman the Formicid Conjurer began the quest for the
                  | Orb.
     0 | D:1      | Reached XP level 1. HP: 13/13 MP: 3/3
   114 | D:1      | Reached XP level 2. HP: 20/20 MP: 1/5
   117 | D:1      | Learned a level 2 spell: Searing Ray
   156 | D:1      | Found Difinwif's Magic Scroll Boutique.
   515 | D:2      | Found a shadowy altar of Dithmenos.
   521 | D:2      | Reached XP level 3. HP: 25/25 MP: 2/6
   537 | D:2      | Found a faded altar of an unknown god.
   582 | D:2      | Reached skill level 1 in Armour
   872 | D:2      | Reached skill level 1 in Fighting
  1156 | D:3      | Noticed Sigmund
  1411 | D:3      | Reached XP level 4. HP: 23/32 MP: 1/7
  1465 | D:3      | Noticed Grinder
  1561 | D:1      | Bought a scroll of revelation for 90 gold pieces
  1578 | D:3      | Noticed Ijyb
  1811 | D:4      | Found a bloodstained altar of Trog.
  1891 | D:4      | Reached XP level 5. HP: 37/37 MP: 4/9
  2004 | D:4      | Noticed an ogre
  2112 | D:4      | Found a white marble altar of Elyvilon.
  2195 | D:5      | Entered Level 5 of the Dungeon
  2349 | D:5      | Noticed a centaur
  2361 | D:5      | Killed a centaur
  2362 | D:5      | Reached XP level 6. HP: 20/44 MP: 2/10
  2547 | D:5      | Noticed Peloso's ghost (novice MiFi)
  2551 | D:5      | Found a transporter.
  2621 | D:5      | Found a transporter.
  3174 | D:1      | Bought a scroll of revelation for 90 gold pieces
  3495 | D:7      | Reached XP level 7. HP: 51/51 MP: 7/12
  3511 | D:7      | Found Gasuipp's Jewellery Emporium.
  3511 | D:7      | Found Imief's Book Shop.
  3518 | D:7      | Found Ticuwn's Jewellery Emporium.
  3547 | D:7      | Noticed a water moccasin
  3968 | D:7      | Noticed a water moccasin
  3993 | D:7      | Noticed a water moccasin
  4037 | D:7      | Found a sand-covered staircase.
  4093 | Ossuary  | Entered an ossuary
  4321 | Ossuary  | Reached XP level 8. HP: 48/60 MP: 8/14
  4457 | Ossuary  | Reached skill level 5 in Conjurations
  5016 | D:7      | Reached skill level 5 in Spellcasting
  5144 | D:7      | Found a staircase to the Ecumenical Temple.
  5157 | Temple   | Entered the Ecumenical Temple
  5178 | Temple   | Became a worshipper of Kikubaaqudgha
  5360 | D:3      | Killed Grinder
  5361 | D:3      | Reached skill level 5 in Fighting
  5361 | D:3      | Reached skill level 5 in Armour
  5361 | D:3      | Reached XP level 9. HP: 68/68 MP: 1/17
  5432 | D:3      | Killed Sigmund
  5475 | D:2      | Noticed Robin
  5504 | D:2      | Killed Robin
  5654 | D:3      | Noticed Jessica
  5662 | D:2      | Killed Ijyb
  5718 | D:3      | Killed Jessica
  6283 | D:4      | Reached * piety under Kikubaaqudgha
  6283 | D:4      | Received a gift from Kikubaaqudgha
  6655 | D:5      | Reached skill level 1 in Shields
  6983 | D:6      | Reached ** piety under Kikubaaqudgha
  7568 | D:1      | Bought a scroll of identify for 24 gold pieces
  7571 | D:1      | You fall into a shaft and drop 1 floor!
  7575 | D:2      | You fall into a shaft and drop 2 floors!
  7579 | D:4      | You fall into a shaft and drop 1 floor!
  7622 | D:7      | Found a shimmering altar of Xom.
  7637 | D:7      | Reached XP level 10. HP: 75/77 MP: 12/19
  7898 | D:7      | Reached skill level 5 in Dodging
  8390 | D:8      | Gained mutation: Your magical capacity is low. (-10% MP)
                  | [potion of mutation]
  8390 | D:8      | Gained mutation: Your magical capacity is very low. (-20%
                  | MP) [potion of mutation]
  8391 | D:8      | Lost mutation: Your magical capacity is very low. (-20% MP)
                  | [potion of mutation]
  8391 | D:8      | Lost mutation: Your magical capacity is low. (-10% MP)
                  | [potion of mutation]
  8391 | D:8      | Gained mutation: You passively dampen the noise of your
                  | surroundings. [potion of mutation]
  8486 | D:8      | Noticed Grum
  8517 | D:8      | Killed Grum
  8767 | D:8      | Noticed Maggie
  8779 | D:8      | Killed Maggie
  8931 | D:8      | Found a shimmering blue altar of Sif Muna.
  8971 | D:8      | Got Sif Muna's Meditations on Wildfire
  9192 | D:8      | Found a runed translucent gate.
  9192 | D:8      | Found a runed translucent gate.
  9192 | D:8      | Found a runed translucent gate.
  9192 | D:8      | Noticed a kobold demonologist
  9192 | D:8      | Noticed raetorn's ghost (novice FeSh)
  9318 | D:9      | Found Firotum's Weapon Emporium.
  9476 | D:9      | Reached *** piety under Kikubaaqudgha
  9476 | D:9      | Received a gift from Kikubaaqudgha
  9479 | D:9      | Reached skill level 1 in Necromancy
  9493 | D:9      | Learned a level 4 spell: Dispel Undead
  9499 | D:9      | Learned a level 5 spell: Borgnjor's Vile Clutch
  9691 | D:9      | Reached XP level 11. HP: 55/86 MP: 17/20
 10029 | D:10     | Entered Level 10 of the Dungeon
 10162 | D:10     | Reached skill level 1 in Earth Magic
 10202 | D:10     | Found a radiant altar of Vehumet.
 10202 | D:10     | Found a hide-covered altar of Uskayaw.
 10203 | D:10     | Found a glowing silver altar of Zin.
 10203 | D:10     | Found a burning altar of Makhleb.
 10222 | D:10     | Found a flagged portal.
 10237 | D:10     | Reached skill level 2 in Earth Magic
 10239 | D:10     | Reached skill level 3 in Earth Magic
 10257 | Bailey   | Entered a bailey
 10410 | Bailey   | Reached skill level 4 in Earth Magic
 10426 | Bailey   | Noticed an orc knight
 10567 | Bailey   | Killed an orc knight
 10568 | Bailey   | Reached skill level 5 in Necromancy
 10800 | Bailey   | Reached **** piety under Kikubaaqudgha
 10909 | D:10     | Noticed a catoblepas
 10988 | D:10     | Reached skill level 5 in Earth Magic
 11361 | D:10     | Noticed a skeletal warrior
 11458 | D:10     | Killed a skeletal warrior
 11459 | D:10     | Reached skill level 6 in Earth Magic
 11528 | D:10     | Noticed Erolcha
 12189 | D:11     | Fell from the grace of Kikubaaqudgha
 12337 | Temple   | Became a worshipper of Gozag Ym Sagoz the Greedy
 12466 | D:5      | Killed Peloso's ghost
 12467 | D:5      | Reached skill level 7 in Earth Magic
 12492 | D:5      | You fall into a shaft and drop 3 floors!
 12626 | D:8      | Killed raetorn's ghost
 12967 | D:10     | Reached skill level 8 in Earth Magic
 12967 | D:10     | Reached XP level 12. HP: 81/91 MP: 12/21
 13238 | D:11     | Noticed a two-headed ogre
 13264 | D:11     | Killed a two-headed ogre
 13498 | D:11     | Reached skill level 9 in Earth Magic
 13595 | D:11     | Noticed a two-headed ogre
 14327 | D:11     | Found a staircase to the Lair.
 14354 | D:11     | Lost mutation: You passively dampen the noise of your
                  | surroundings. [potion of mutation]
 14354 | D:11     | Gained mutation: You passively dampen the noise of your
                  | surroundings. [potion of mutation]
 14354 | D:11     | Gained mutation: You occasionally lose the ability to drink
                  | potions when taking damage. [potion of mutation]
 14358 | D:11     | Lost mutation: You passively dampen the noise of your
                  | surroundings. [potion of mutation]
 14358 | D:11     | Lost mutation: You occasionally lose the ability to drink
                  | potions when taking damage. [potion of mutation]
 14358 | D:11     | Gained mutation: You possess an exceptional clarity of
                  | mind. [potion of mutation]
 14358 | D:11     | Gained mutation: You expend magic power (3 MP) to
                  | strengthen your wands. [potion of mutation]
 14518 | D:11     | Reached skill level 10 in Earth Magic
 14663 | D:11     | Killed a two-headed ogre
 14763 | D:12     | Noticed a two-headed ogre
 14772 | D:12     | Killed a two-headed ogre
 15226 | D:12     | Reached skill level 11 in Earth Magic
 15233 | D:12     | HP: 1/92 [redback (7)]
 15233 | D:12     | Slain by a redback

Illustrated notes

Levels and vault maps discovered:
D:1:      dpeg_arrival_pits, layout_rooms, serial_shops, shop
D:2:      layout_basic, basic_altar, shapermc_ecumenical_altar_petra,
          minmay_misc_feat_square, uniq_robin
D:3:      layout_basic, hex_large, uniq_ijyb, uniq_jessica, uniq_grinder,
          uniq_sigmund
D:4:      layout_loops_corners, trog_book, overflow_temple_1_default
D:5:      layout_basic, gammafunk_ghost_arena
D:6:      layout_basic
D:7:      layout_loops_corners, regret_index_xom_of_box,
          minmay_temple_entry_mist, nicolae_ossuary_entry_giza,
          nicolae_wooded_promenade, eino_jars
D:8:      layout_basic, led_sif_book, gammafunk_ghost_nasty_kobolds,
          uniq_maggie, uniq_grum
D:9:      layout_loops_ring, serial_shops, nicolae_stop_n_shop_1
D:10:     layout_stronghold, chequers_temple_overflow_statue_of_worship,
          enter_bailey_3, minmay_increasing_density, uniq_erolcha
D:11:     layout_irregular_city, hellmonk_lair_entry_icy
D:12:     layout_loops_ring, david_orc_4, drop_trap, uniq_josephine
Temple:   dpeg_chambers_temple

Skill      XL: |  1  2  3  4  5  6  7  8  9 10 11 12 |
---------------+-------------------------------------+-----
Dodging        | 2 3 4 6 |  6.2
Armour         | 1 2 3 5 6 8 |  8.2
Fighting       | 1 2 3 5 6 8 |  8.2
Stealth        | 3 4 |  4.0
Conjurations   | 4 5 6 |  6.0
Spellcasting   | 3 4 5 6 |  6.0
Shields        | 3 |  3.8
Necromancy     | 3 7 9 |  9.9
Earth Magic    | 8 11 | 11.1

Action                     |  1- 3 |  4- 6 |  7- 9 | 10-12 || total
---------------------------+-------+-------+-------+-------++-------
  Melee: Dagger            |    29 |     7 |   229 |   107 ||   372
         Punch             |       |       |     5 |       ||     5
         Staff             |       |       |       |     6 ||     6
         Halberd           |       |       |       |   225 ||   225
   Fire: Shortbow          |       |     5 |     5 |    19 ||    29
   Cast: Magic Dart        |    42 |    15 |    16 |     9 ||    82
         Searing Ray       |     2 |    13 |    62 |    50 ||   127
         Dispel Undead     |       |       |       |    33 ||    33
         Borgnjor's Vile C |       |       |       |    42 ||    42
 Invoke: Renounce Religion |       |       |       |     1 ||     1
Ability: Shaft Self        |       |       |     3 |     1 ||     4
         Dig               |       |       |     1 |     3 ||     4
    Use: Scroll            |       |     2 |       |    10 ||    12
         Potion            |       |       |       |    11 ||    11
   Stab: Sleeping          |     4 |       |     2 |    18 ||    24
         Distracted        |       |       |     2 |     1 ||     3
 Armour: Robe              |    16 |    24 |   172 |    48 ||   260
         Skin              |       |       |     3 |       ||     3
         Steam dragon scal |       |       |       |   327 ||   327
  Dodge: Dodged            |    14 |    20 |   175 |   332 ||   541
  Block: Buckler           |       |       |    16 |   118 ||   134
   Form: Beast             |     1 |       |       |       ||     1
                           |       |       |     1 |       ||     1
